 Dungeon Crawl Stone Soup version 0.23.2-1-ga50397a6bc (webtiles) character file.

Game seed: 7439952625871332465

30232 NochnoyZador the Cruncher (level 13, -6/84 HPs)
             Began as a Gargoyle Fighter on May 3, 2019.
             Was a High Priest of Trog.
             Mangled by a wolf spider (15 damage)
             ... on level 2 of the Lair of Beasts.
             The game lasted 01:07:59 (15054 turns).

NochnoyZador the Cruncher (Gargoyle Fighter)       Turns: 15054, Time: 01:08:00

Health: -6/84      AC: 41    Str: 25    XL:     13   Next: 50%
Magic:  0/18       EV:  7    Int: 15    God:    Trog [*****.]
Gold:   844        SH:  0    Dex: 12    Spells: 12/12 levels left

rFire    . . .     SeeInvis .   w - +3 quarterstaff (chaos)
rCold    + . .     Gourm    .   (shield currently unavailable)
rNeg     + . .     Faith    .   E - +2 plate armour {rC+}
rPois    ∞         Spirit   +   S - +2 helmet
rElec    +         Reflect  .   J - +2 cloak
rCorr    .         Harm     .   (no gloves)
MR       +....     Rnd*Tele +   P - +0 pair of boots "Edejuapn" {Int+5} (curse)
Stlth    ..........             m - amulet of guardian spirit
HPRegen  0.24/turn              O - +6 ring of protection
MPRegen  0.16/turn              k - ring "Zigab" {*Tele *Corrode rPois MR+ Str+4}

@: no status effects
A: negative energy resistance 1, electricity resistance, unbreathing,
petrification resistance, rot immunity, AC +9
a: Berserk, Trog's Hand, Brothers in Arms, Renounce Religion


You were on level 2 of the Lair of Beasts.
You worshipped Trog.
Trog was extremely pleased with you.
You were not hungry.

You visited 4 branches of the dungeon, and saw 16 of its levels.
You also visited: Gauntlet.

You collected 844 gold pieces.

Inventory:

Hand Weapons
 a - a +0 flail
 b - the +9 hunting sling of Calculation {flame, Int+4}
   (You found it on level 11 of the Dungeon)

   It causes projectiles fired from it to burn those they strike, causing extra
   injury to most foes and up to half again as much damage against particularly
   susceptible opponents.
   It affects your intelligence (+4).
 w - a +3 quarterstaff of chaos (weapon)
 C - a +1 whip of freezing
Missiles
 g - 78 sling bullets
Armour
 x - a +0 buckler
 E - a +2 plate armour of cold resistance (worn)
 I - a +0 troll leather armour
 J - a +2 cloak (worn)
 M - +0 acid dragon scales
 P - the cursed +0 pair of boots "Edejuapn" (worn) {Int+5}
   (You found it in a Gauntlet)

   It affects your intelligence (+5).
   It has a curse placed upon it.
 S - a +2 helmet (worn)
Jewellery
 c - an uncursed ring of stealth
 k - the ring "Zigab" (right hand) {*Tele *Corrode rPois MR+ Str+4}
   (You found it in a Gauntlet)

   [ring of teleportation]

   It may teleport you next to monsters.
   It affects your strength (+4).
   It protects you from poison.
   It affects your resistance to hostile enchantments.
   It may corrode you when you take damage.
 l - an uncursed ring of protection from fire
 m - an amulet of guardian spirit (around neck)
 O - a +6 ring of protection (left hand)
Wands
 h - a wand of polymorph (8)
 D - a wand of acid (6)
 G - a wand of iceblast (21)
 H - a wand of paralysis (12)
 L - a wand of flame (44)
Scrolls
 e - 2 scrolls of identify
 i - 6 scrolls of teleportation
 n - 3 scrolls of blinking
 o - 2 scrolls of fog
 u - 5 scrolls of magic mapping
 A - 3 scrolls of remove curse
 B - a scroll of summoning {unknown}
 F - a scroll of acquirement {unknown}
Potions
 d - 3 potions of might
 j - 2 potions of flight
 q - 5 potions of curing
 r - 2 potions of brilliance
 s - a potion of invisibility
 t - 2 potions of berserk rage
 v - a potion of agility
 z - a potion of lignification
 N - 4 potions of cancellation
 Q - a potion of heal wounds
 R - a potion of mutation
Miscellaneous
 K - a sack of spiders
 T - a lightning rod (4/4)
Comestibles
 f - 29 rations


   Skills:
 * Level 11.0 Fighting
 * Level 9.9(12.0) Maces & Flails
 * Level 11.4(12.7) Staves
 * Level 11.1 Armour
 * Level 8.8 Shields
 * Level 6.7 Evocations


You had 12 spell levels left.
You didn't know any spells.
Your spell library contained the following spells:

 Spells                   Type           Power        Failure   Level  Hunger
 Ignite Poison            Fire/Tmut/Pois #.......     100%        3    ####...
 Petrify                  Tmut/Erth      #.......     100%        4    #####..
 Iskenderun's Battlesphe  Conj/Chrm      #.......     100%        5    ######.
 Statue Form              Tmut/Erth      Unusable     N/A         6    N/A

Dungeon Overview and Level Annotations

Branches:
Dungeon (12/15)            Temple (1/1) D:6            Lair (2/6) D:9
  Swamp (0/4) Lair:2       Spider (1/4) Lair:2          Orc (0/2) D:12

Altars:
Ashenzari
Cheibriados
Dithmenos
Elyvilon
Fedhas
Gozag
Hepliaklqana
Kikubaaqudgha
Makhleb
Nemelex Xobeh
Okawaru
Qazlal
Ru
Sif Muna
Trog
Uskayaw
Vehumet
Wu Jian
Xom
Yredelemnul
Zin
The Shining One

Annotations:
D:4 2 transporters
D:7 3 runed translucent doors, H0rd4k's ghost, novice HuAr
D:8 1 runed translucent door, Ethylacetat's ghost, novice GrEE
D:12 1 transporter


Innate Abilities, Weirdness & Mutations

You are resistant to torment.
Your stone body is resilient. (AC +9)
You are immune to poison.
You resist negative energy. (rN+)
You are resistant to electric shocks. (rElec)
You can survive without breathing.
You are immune to petrification.
You are immune to rotting.


Message History

The demonic crawler hits you.
The jumping spider pounces on you but does no damage.
The jumping spider bites you.
* * * LOW HITPOINT WARNING * * *
The wolf spider hits you but does no damage.
The wolf spider bites you but does no damage.
The wolf spider hits you.
The wolf spider bites you but does no damage.
The jumping spider barely misses you.
The jumping spider bites you but does no damage.
The demonic crawler closely misses you. The demonic crawler hits you.
* * * LOW HITPOINT WARNING * * *
The demonic crawler hits you but does no damage.
You climb upwards.
Welcome back to the Lair of Beasts!
There is a hole to the Spider Nest here.
The wolf spider hits you!!
* * * LOW HITPOINT WARNING * * *
The wolf spider bites you but does no damage.
The jumping spider leaps!
The wolf spider hits you!
You die...

##.## #### #.#.#####..#
##......###.# ###............
#.........>.... ######
#.............. ##.##.##
##########.?.......#..#
.......####P..##............###.#
P#.###..........@s.†...s....##..#
#####.....P#####.>s.........###.#
####.#.....# ##.○.........###.#
..###.#....## ##...........#P..#
....##......####P.#.....§§...§...
.....##.....##.##.#.....§§..§....
....###.....÷..)..##....§§§.§....
.....#............##.....§§.§#...
....###..................§..###..


You could see a demonic crawler, a wolf spider (berserk) and a jumping spider.

Vanquished Creatures
  A dire elephant (Gauntlet)
  A minotaur (Gauntlet)
  Erolcha (D:11)
  3 hydras
  5 two-headed ogres
  Nergalle (D:11)
  3 unseen horrors
  An ugly thing (D:12)
  A moth of wrath (Gauntlet)
  2 cyclopes
  An elephant (Gauntlet)
  A black mamba (Lair:2)
  Maurice (D:12)
  4 spiny frogs
  A centaur skeleton (D:12)
  2 komodo dragons
  2 trolls
  2 jumping spiders (Lair:2)
  2 vampires
  3 hippogriffs
  5 redbacks
  13 yaks
  2 wyverns (D:11)
  A spriggan (D:7)
  Sigmund (D:4)
  2 basilisks
  Eustachio (D:5)
  A hog (D:6)
  2 hungry ghosts
  4 wargs (D:12)
  A soldier ant (D:11)
  An acid dragon (D:11)
  6 water moccasins
  5 porcupines
  2 black bears
  4 orc warriors
  An eye of draining (D:10)
  3 sky beasts
  A hornet zombie (D:11)
  3 ice beasts
  10 ogres
  5 phantoms
  16 centaurs
  3 wolves (Lair:2)
  7 crocodiles
  3 big kobolds
  Blork the orc (D:4)
  12 bullfrogs
  A gnoll sergeant (D:8)
  6 scorpions
  A water moccasin skeleton (D:7)
  17 killer bees
  2 wights (D:8)
  11 crimson imps
  A bullfrog zombie (D:6)
  A centaur zombie (D:11)
  6 hounds
  2 jellies
  Crazy Yiuf (D:2)
  A bullfrog skeleton (D:10)
  4 orc priests
  Jessica (D:3)
  2 iguanas
  7 orc wizards
  10 worker ants
  2 hound zombies
  2 worker ant zombies
  3 howler monkey zombies
  15 adders
  3 shadow imps
  2 oozes
  2 adder zombies (D:7)
  3 worms
  A dart slug (D:1)
  5 leopard geckos
  37 orcs
  2 bats (D:1)
  3 giant cockroaches
  2 gnoll zombies (D:8)
  7 goblins
  5 hobgoblins
  6 jackals
  4 quokkas
  A ball python (D:4)
  4 frilled lizards
  23 kobolds
  A leopard gecko skeleton (D:4)
  A quokka zombie (D:9)
  12 rats
374 creatures vanquished.

Vanquished Creatures (collateral kills)
  An orc priest (D:7)
  A worker ant (D:7)
2 creatures vanquished.

Vanquished Creatures (others)
  An iguana (D:12)
  2 fungi (D:9)
  4 plants (D:9)
7 creatures vanquished.

Grand Total: 383 creatures vanquished

Notes
Turn   | Place    | Note
-------+----------+-------------------------------------------
     0 | D:1      | NochnoyZador the Gargoyle Fighter began the quest for the
                  | Orb.
     0 | D:1      | Reached XP level 1. HP: 14/14 MP: 1/1
   251 | D:1      | Reached XP level 2. HP: 12/19 MP: 2/2
   854 | D:2      | Reached XP level 3. HP: 19/23 MP: 3/3
  1089 | D:2      | Reached XP level 4. HP: 18/28 MP: 4/4
  1203 | D:2      | Noticed a bullfrog
  1227 | D:2      | Killed a bullfrog
  1227 | D:2      | Reached skill level 5 in Maces & Flails
  1227 | D:2      | Reached XP level 5. HP: 23/32 MP: 5/5
  1517 | D:2      | You fall through a shaft for 2 floors!
  1678 | D:4      | Found a transporter.
  1680 | D:4      | Found a transporter.
  1755 | D:4      | Noticed Blork the orc
  1773 | D:4      | Killed Blork the orc
  1773 | D:4      | Reached XP level 6. HP: 35/37 MP: 6/6
  1848 | D:3      | Noticed Jessica
  1856 | D:4      | Noticed Sigmund
  1887 | D:4      | Killed Sigmund
  2095 | D:2      | Found a runed translucent door.
  2096 | D:2      | Noticed Crazy Yiuf
  2265 | D:2      | Killed Crazy Yiuf
  2265 | D:2      | Reached XP level 7. HP: 35/41 MP: 7/7
  2571 | D:3      | Killed Jessica
  2571 | D:3      | Reached skill level 1 in Staves
  3282 | D:5      | Entered Level 5 of the Dungeon
  3770 | D:5      | Reached skill level 5 in Staves
  3770 | D:5      | Reached XP level 8. HP: 22/46 MP: 8/8
  3832 | D:5      | Noticed Eustachio
  3882 | D:5      | Killed Eustachio
  4469 | D:6      | Noticed Pikel
  4483 | D:6      | Noticed Pikel
  4483 | D:6      | Pikel changed into Pikel the hog
  4491 | D:6      | Killed Pikel the hog
  4566 | D:6      | Found a staircase to the Ecumenical Temple.
  4578 | D:6      | Identified Xyoqularr's Disquisition on Boosting Changing
  4588 | Temple   | Entered the Ecumenical Temple
  4844 | Temple   | Became a worshipper of Trog the Wrathful
  4922 | D:6      | Reached XP level 9. HP: 43/52 MP: 9/9
  5059 | D:6      | Reached skill level 5 in Fighting
  5059 | D:6      | Reached skill level 5 in Armour
  5595 | D:7      | Found an iron altar of Okawaru.
  5648 | D:7      | Paralysed by fainting for 6 turns
  5654 | D:7      | Paralysed by fainting for 12 turns
  5673 | D:7      | Paralysed by fainting for 9 turns
  5705 | D:7      | Reached * piety under Trog
  6089 | D:7      | Found a runed translucent gate.
  6090 | D:7      | Found a runed translucent gate.
  6091 | D:7      | Found a runed translucent gate.
  6092 | D:7      | Noticed H0rd4k's ghost (novice HuAr)
  6092 | D:7      | Identified the +6 dagger of Offence {venom, Dex+2}
  6092 | D:7      | Noticed a kobold demonologist
  6258 | D:8      | Reached XP level 10. HP: 55/63 MP: 10/10
  6286 | D:8      | Noticed a two-headed ogre
  6301 | D:8      | Killed a two-headed ogre
  6756 | D:8      | Found a basalt altar of Yredelemnul.
  6802 | D:8      | Reached skill level 1 in Evocations
  6806 | D:8      | Reached ** piety under Trog
  7091 | D:8      | Found a runed translucent door.
  7091 | D:8      | Noticed Ethylacetat's ghost (novice GrEE)
  7091 | D:8      | Noticed an ogre mage
  7259 | D:9      | Noticed a two-headed ogre
  7369 | D:8      | Killed a two-headed ogre
  7769 | D:9      | Found a staircase to the Lair.
  7783 | D:9      | Reached XP level 11. HP: 69/69 MP: 12/12
  7805 | D:9      | Reached skill level 5 in Shields
  8309 | D:9      | Reached *** piety under Trog
  8492 | D:9      | Noticed a cyclops
  8511 | D:9      | Killed a cyclops
  9177 | D:10     | Entered Level 10 of the Dungeon
  9232 | D:10     | Noticed a two-headed ogre
  9243 | D:10     | Killed a two-headed ogre
  9304 | D:9      | Killed an unseen horror
  9473 | D:10     | Killed an unseen horror
  9703 | D:10     | Reached skill level 10 in Staves
 10974 | D:11     | Noticed Nergalle
 10975 | D:11     | Reached **** piety under Trog
 11019 | D:11     | Killed Nergalle
 11019 | D:11     | Reached XP level 12. HP: 72/76 MP: 15/15
 11038 | D:11     | Noticed Erolcha
 11056 | D:11     | Killed Erolcha
 11347 | D:11     | Got an iridescent hunting sling
 11348 | D:11     | Identified the +9 hunting sling of Calculation {flame,
                  | Int+4} (You found it on level 11 of the Dungeon)
 11463 | D:11     | Reached skill level 5 in Evocations
 11634 | D:11     | Noticed a two-headed ogre
 11654 | D:11     | Killed a two-headed ogre
 11654 | D:11     | Reached skill level 10 in Armour
 11918 | D:12     | Reached skill level 10 in Fighting
 11950 | D:12     | Noticed a two-headed ogre
 11981 | D:12     | Killed a two-headed ogre
 11993 | D:12     | Noticed Maurice
 12033 | D:12     | Killed Maurice
 12040 | D:12     | Found a staircase to the Orcish Mines.
 12042 | D:12     | Found a gate leading to a gauntlet.
 12062 | Gauntlet | Entered a Gauntlet
 12062 | Gauntlet | Found a transporter.
 12070 | Gauntlet | Found a runed translucent gate.
 12071 | Gauntlet | Found a transporter.
 12071 | Gauntlet | Found a runed translucent gate.
 12076 | Gauntlet | Found a runed translucent gate.
 12083 | Gauntlet | Found a transporter.
 12087 | Gauntlet | Found a transporter.
 12099 | Gauntlet | Found a transporter.
 12117 | Gauntlet | Found a transporter.
 12119 | Gauntlet | Found the +10 Black Knight's horse barding {ponderous,
                  | rPois rN+}
 12130 | Gauntlet | Found a transporter.
 12147 | Gauntlet | Found a transporter.
 12151 | Gauntlet | Found a transporter.
 12159 | Gauntlet | Found a transporter.
 12176 | Gauntlet | Noticed a ghost crab
 12189 | Gauntlet | Found a transporter.
 12189 | Gauntlet | Found a transporter.
 12189 | Gauntlet | Noticed a dire elephant
 12255 | Gauntlet | Killed a dire elephant
 12265 | Gauntlet | Got a warped ivory ring
 12341 | Gauntlet | Got a pair of warped boots
 12613 | Gauntlet | Identified the cursed +0 pair of boots "Edejuapn" {Int+5}
                  | (You found it in a Gauntlet)
 12615 | Gauntlet | Identified the ring "Zigab" {*Tele *Corrode rPois MR+
                  | Str+4} (You found it in a Gauntlet)
 12626 | Gauntlet | Noticed a minotaur
 12642 | Gauntlet | Killed a minotaur
 12653 | Gauntlet | Identified the Papyrus of Moulding
 12660 | Gauntlet | Identified the Disquisition on Curses
 12860 | D:12     | Found a transporter.
 12865 | D:12     | Found a radiant altar of Vehumet.
 12869 | D:12     | Noticed an ogre mage
 12879 | D:12     | Noticed an eight-headed hydra
 12889 | D:12     | Killed an eight-headed hydra
 12889 | D:12     | Reached XP level 13. HP: 50/83 MP: 17/17
 13407 | Lair:1   | Entered Level 1 of the Lair of Beasts
 14290 | Lair:2   | Reached ***** piety under Trog
 14567 | Lair:2   | Found a hole to the Spider Nest.
 14577 | Lair:2   | Found a staircase to the Swamp.
 14929 | Spider:1 | Entered Level 1 of the Spider Nest
 15054 | Lair:2   | Mangled by a wolf spider

Skill      XL: |  1  2  3  4  5  6  7  8  9 10 11 12 13 |
---------------+----------------------------------------+-----
Maces & Flails | 3 4 5 6 7 8 9 |  9.9
Staves         | 5 7 8 9 10 11 | 11.4
Fighting       | 4 7 8 9 10 11 | 11.0
Armour         | 4 7 8 9 10 11 | 11.1
Evocations     | 2 4 6 |  6.7
Shields        | 4 6 8 |  8.8

Action                   |  1- 3 |  4- 6 |  7- 9 | 10-12 | 13-15 || total
-------------------------+-------+-------+-------+-------+-------++-------
Melee: Whip              |   146 |   181 |       |       |       ||   327
       Flail             |     8 |       |       |       |       ||     8
       Quarterstaff      |       |       |   348 |   923 |   250 ||  1521
  Use: Scroll            |       |       |    16 |     5 |     2 ||    23
       Potion            |       |       |     1 |     3 |       ||     4
 Stab: Paralysed         |       |       |     3 |     8 |     6 ||    17
       Petrifying        |       |       |     1 |     3 |       ||     4
       Confused          |       |       |       |     3 |       ||     3
       Petrified         |       |       |       |     3 |       ||     3
  Eat: Chunk             |     1 |     4 |     5 |    21 |     7 ||    38
       Ration            |       |       |     3 |     1 |       ||     4
Armor: Scale mail        |    65 |    67 |   183 |       |       ||   315
       Plate armour      |       |       |    19 |   917 |   247 ||  1183
Dodge: Dodged            |    36 |    39 |   128 |   320 |    82 ||   605
Block: Shield            |    64 |    65 |       |       |       ||   129
